 Dungeon Crawl Stone Soup version 0.21-a0-504-g2eda33064f (webtiles) character file.

207 Kaname the Conjurer (level 5, -2/35 HPs)
             Began as a Demonspawn Wizard on Nov 25, 2017.
             Slain by a worker ant (6 damage)
             ... on level 4 of the Dungeon.
             The game lasted 00:11:46 (3142 turns).

Kaname the Conjurer (Demonspawn Wizard)             Turns: 3142, Time: 00:11:47

Health: -2/35      AC:  2    Str:  7    XL:     5   Next: 54%
Magic:  0/24       EV: 15    Int: 20    God:
Gold:   225        SH:  3    Dex: 12    Spells: 2/10 levels left

rFire    . . .     SeeInvis .   o - staff of power
rCold    . . .     Gourm    .   l - +0 buckler
rNeg     . . .     Faith    .   a - +0 robe
rPois    .         Spirit   .   b - +0 hat
rElec    .         Reflect  .   (no cloak)
rCorr    .         Harm     .   (gloves unavailable)
MR       .....                  (no boots)
Stlth    ++........             (no amulet)
HPRegen  0.11/turn              r - +4 ring of evasion
MPRegen  0.19/turn              (no ring)

@: lethally poisoned (-2 -> -33), very slightly contaminated
A: claws 3, powered by death 1
a: no special abilities


You were on level 4 of the Dungeon.
You were hungry.

You visited 1 branch of the dungeon, and saw 4 of its levels.

You collected 225 gold pieces.

Inventory:

Hand Weapons
 q - a +0 short sword of draining
Armour
 a - a +0 robe (worn)
 b - a +0 hat (worn)
 l - a +0 buckler (worn)
Magical Staves
 o - an uncursed staff of power (weapon)
Jewellery
 r - a +4 ring of evasion (left claw)
Scrolls
 e - a scroll of magic mapping
 k - a scroll of enchant weapon
 m - a scroll of blinking
 s - 2 scrolls of remove curse
 t - 2 scrolls of teleportation
Potions
 g - a potion of resistance {unknown}
 h - 2 potions of mutation {unknown}
 i - 2 potions of curing {unknown}
 j - a potion of haste {unknown}
Books
 c - a book of Minor Magic

   Spells                             Type                      Level
   a - Magic Dart                     Conjuration                  1
   b - Blink                          Translocation                2
   c - Call Imp                       Summoning                    2
   d - Slow                           Hexes                        2
   e - Conjure Flame                  Conjuration/Fire             3
   f - Mephitic Cloud                 Conjuration/Poison/Air       3
Comestibles
 d - 3 bread rations
 f - 6 fruits
 n - 2 meat rations


   Skills:
 - Level 1.7 Dodging
 - Level 1.7 Stealth
 - Level 3.0 Spellcasting
 - Level 4.0 Conjurations
 + Level 1.5 Summonings
 - Level 1.0 Translocations
 - Level 2.0 Air Magic
 - Level 2.1 Poison Magic


You had 2 spell levels left.
You knew the following spells:

 Your Spells              Type           Power        Failure   Level  Hunger
a - Magic Dart            Conj           ###.         4%          1    None
b - Blink                 Tloc           N/A          24%         2    ##.....
c - Mephitic Cloud        Conj/Pois/Air  ##......     24%         3    ###....
d - Call Imp              Summ           #.......     19%         2    ##.....


Dungeon Overview and Level Annotations

Branches:
Dungeon (4/15)
 Temple: D:4-7

Altars:
Dithmenos
Makhleb
Okawaru


Innate Abilities, Weirdness & Mutations

You have claws for hands.
You regenerate a little health from kills.


Message History

* * * LOW HITPOINT WARNING * * *
You are more poisoned.
The worker ant poisons you!
Unknown command.
You barely miss the worker ant.
The worker ant is severely wounded.
* * * LOW HITPOINT WARNING * * *
You feel very sick. The worker ant barely misses you.
Unknown command.
Casting: Magic Dart
Confirm with . or Enter, or press ? or * to list all spells.
Aiming: Magic Dart
Press: ? - help, Shift-Dir - straight line, f/p - worker ant
Aim: a worker ant (severely wounded)
You miscast Magic Dart.
Nothing appears to happen.
* * * LOW HITPOINT WARNING * * *
You feel very sick. The worker ant bites you.
You die...

##### .# #
...##.#.#
#######a##.#.#
........@....#
######.##.###.#
#######.##.###.###
............>..>..
#.#####........#
##.##.#.###
.......)##.#.#
..#####.##.#.######
#.............#


You could see a worker ant.

Vanquished Creatures
  An orc priest (D:3)
  Jessica (D:2)
  5 adders
  An adder skeleton (D:4)
  3 worms
  3 dart slugs
  4 leopard geckos
  6 orcs (D:3)
  11 bats
  7 giant cockroaches
  6 goblins
  8 hobgoblins
  9 jackals
  8 kobolds
  A quokka (D:4)
  A frilled lizard (D:1)
  4 rats
79 creatures vanquished.

Notes
Turn   | Place    | Note
-------+----------+-------------------------------------------
     0 | D:1      | Kaname the Demonspawn Wizard began the quest for the Orb.
     0 | D:1      | Reached XP level 1. HP: 13/13 MP: 4/4
   236 | D:1      | Reached skill level 2 in Conjurations
   271 | D:1      | Gained mutation: You have sharp fingernails. [demonic ancestry]
   271 | D:1      | Reached XP level 2. HP: 19/19 MP: 0/6
   787 | D:1      | Reached skill level 3 in Conjurations
   791 | D:1      | Learned a level 2 spell: Blink
   796 | D:1      | Gained mutation: You have very sharp fingernails. [demonic ancestry]
   796 | D:1      | Reached XP level 3. HP: 24/24 MP: 2/7
   802 | D:1      | Learned a level 3 spell: Mephitic Cloud
   805 | D:1      | Learned a level 2 spell: Call Imp
   891 | D:1      | Reached skill level 1 in Translocations
  1222 | D:2      | Found an iron altar of Okawaru.
  1337 | D:2      | Reached skill level 1 in Poison Magic
  1433 | D:2      | Noticed Jessica
  1448 | D:2      | Killed Jessica
  1448 | D:2      | Reached skill level 1 in Air Magic
  1448 | D:2      | Gained mutation: You have claws for hands. [demonic ancestry]
  1448 | D:2      | Reached XP level 4. HP: 18/30 MP: 0/8
  2159 | D:3      | Gained mutation: You regenerate a little health from kills. [demonic ancestry]
  2159 | D:3      | Reached XP level 5. HP: 35/35 MP: 5/9
  2353 | D:3      | Reached skill level 4 in Conjurations
  3021 | D:4      | Found a shadowy altar of Dithmenos.
  3084 | D:4      | Found a burning altar of Makhleb.
  3142 | D:4      | Slain by a worker ant

Vault maps used:
D:1:      dpeg_arrival_orchard, serial_bayou, serial_bayou_lagoon_a,
          serial_bayou_pond_a, serial_bayou_pond_d, serial_bayou_pond_d
D:2:      lemuel_crystal_altar, uniq_jessica
D:4:      nicolae_dithmenos_shadow_blocks, vehumet_statue, bloody_makhleb,
          uniq_eustachio

Skill      XL: |  1  2  3  4  5 |
---------------+----------------+-----
Conjurations   | 2 3 4 |  4.0
Translocations | 1 |  1.0
Poison Magic   | 1 2 |  2.1
Air Magic      | 1 2 |  2.0
Dodging        | |  1.7
Stealth        | |  1.7
Spellcasting   | |  3.0
Summonings     | |  1.5

Action                   |  1- 3 |  4- 6 || total
-------------------------+-------+-------++-------
Melee: Mace              |    20 |       ||    20
       Short sword       |    28 |    68 ||    96
       Staff             |       |     4 ||     4
 Cast: Magic Dart        |    75 |   114 ||   189
  Use: Scroll            |       |     7 ||     7
 Stab: Sleeping          |     2 |       ||     2
  Eat: Chunk             |     2 |     4 ||     6
Armor: Robe              |     7 |    13 ||    20
Dodge: Dodged            |    34 |    68 ||   102
Block: Buckler           |     3 |    18 ||    21

Table legend:
 A = Spawn XP
 B = Non-spawn XP
 C = Spawn XP percentage of total XP
 D = Spawn monster count
 E = Non-spawn monster count
 F = Spawn count percentage of total count
 G = Total turns spent on level
                    A         B        C        D         E        F      G
               +---------+---------+-------+---------+---------+-------+---------
         Total |       0 |     297 |   0.0 |       0 |      79 |   0.0 |  3142
               +---------+---------+-------+---------+---------+-------+---------
           D:1 |       0 |      47 |   0.0 |       0 |      23 |   0.0 |  1218
           D:2 |       0 |     142 |   0.0 |       0 |      32 |   0.0 |   823
           D:3 |       0 |      94 |   0.0 |       0 |      19 |   0.0 |   940
           D:4 |       0 |      14 |   0.0 |       0 |       5 |   0.0 |   161
               +---------+---------+-------+---------+---------+-------+---------
